 Dungeon Crawl Stone Soup version 0.20.1-1-g8b1a95d (webtiles) character file.

392 dohliylev the Covert (level 6, -9/42 HPs)
             Began as a Vampire Enchanter on Aug 12, 2017.
             Killed by divine providence
             ... invoked by an orc priest
              (15 damage)
             ... on level 4 of the Dungeon.
             The game lasted 00:09:01 (2736 turns).

dohliylev the Covert (Vampire Enchanter)            Turns: 2736, Time: 00:09:02

Health: -9/42      AC:  3    Str:  7    XL:     6   Next: 51%
Magic:  9/10       EV: 13    Int: 20    God:
Gold:   158        SH:  0    Dex: 14    Spells: 4/10 levels left

rFire    . . .     SeeInvis +   a - +1 dagger
rCold    + . .     Gourm    .   (no shield)
rNeg     + + .     Faith    .   b - +0 robe
rPois    +         Spirit   .   (no helmet)
rElec    .         Reflect  .   (no cloak)
rCorr    .         Harm     .   m - +0 pair of gloves
MR       .....                  (no boots)
Stlth    +++++.....             (no amulet)
Regen    0.1/turn               (no ring)
MPRegen  0.2/turn               (no ring)

@: regenerating slowly
A: fangs 3, see invisible, unbreathing
a: Bat Form


You were on level 4 of the Dungeon.
You were very thirsty.

You visited 1 branch of the dungeon, and saw 4 of its levels.

You collected 158 gold pieces.

Inventory:

Hand Weapons
 a - a +1 dagger (weapon)
Armour
 b - a +0 robe (worn)
 m - a +0 pair of gloves (worn)
Scrolls
 e - 3 scrolls of immolation {unknown}
 g - 2 scrolls of magic mapping {unknown}
 h - a scroll of amnesia {unknown}
 i - 2 scrolls of teleportation {unknown}
 k - a scroll of blinking {unknown}
 n - a scroll of enchant weapon {unknown}
Potions
 d - 16 potions of blood
 f - a potion of brilliance {unknown}
 j - a potion of mutation {unknown}
 l - a potion of haste {unknown}
Books
 c - a book of Maledictions

   Spells                             Type                      Level
   a - Corona                         Hexes                        1
   b - Ensorcelled Hibernation        Hexes/Ice                    2
   c - Confuse                        Hexes                        3
   d - Tukima's Dance                 Hexes                        3
   e - Dazzling Spray                 Conjuration/Hexes            3


   Skills:
 + Level 0.5 Fighting
 + Level 3.2 Short Blades
 + Level 2.5 Dodging
 + Level 8.2 Stealth
 + Level 2.9 Spellcasting
 + Level 5.5 Hexes
 + Level 1.3 Ice Magic


You had 4 spell levels left.
You knew the following spells:

 Your Spells              Type           Power        Failure   Level  Hunger
a - Corona                Hex            ####...      1%          1    None
b - Ensorcelled Hibernat  Hex/Ice        ###...       5%          2    ##.....
c - Confuse               Hex            ####....     4%          3    ###....


Dungeon Overview and Level Annotations

Branches:
Dungeon (4/15)
 Temple: D:4-7

Altars:
Zin


Innate Abilities, Weirdness & Mutations

You heal slowly.
You have razor-sharp teeth.
You have supernaturally acute eyesight. (SInv)
You can survive without breathing.


Message History

i - 2 scrolls labeled CUQIQA LYLIT (gained 1)
The orc priest shouts!
The orc priest invokes the aid of Beogh against you.
Beogh smites you!
The orc shouts!
You fail to use your ability.
Found a scroll labeled WESHRE ICSERORE.
Okay, then.
The helpless worker ant fails to defend itself.
You impale the worker ant!!
You kill the worker ant!
The orc priest calls down the wrath of Beogh upon you.
Beogh smites you!
The orc priest invokes the aid of Beogh against you.
Beogh smites you!
* * * LOW HITPOINT WARNING * * *
Found 2 fuming sapphire potions.
The orc priest calls down the wrath of Beogh upon you.
Beogh smites you!
You die...

#.......รท.#.# #
#...........# #.
#..........#
#.###.........#
#.#..........#
####
#.......o!.##
##!..
##...[.#...## ...
#...#.#####o###.+
#...o## ##..@.#
#..o#.# #.#####
=........# #.#
..........#.#
.........#.#
###...#.####
#...#.# #.!.#.#


You could see an orc priest.

Vanquished Creatures
  Sigmund (D:3)
  A phantom (D:4)
  A worker ant (D:4)
  6 adders
  An ooze (D:3)
  A dart slug (D:1)
  2 leopard geckos
  An orc (D:3)
  A ball python (D:3)
  6 bats
  3 giant cockroaches
  4 hobgoblins
  9 jackals (D:1)
  7 kobolds
  A quokka (D:2)
  4 frilled lizards
  7 goblins
  3 rats
59 creatures vanquished.

Notes
Turn   | Place    | Note
-------+----------+-------------------------------------------
     0 | D:1      | dohliylev the Vampire Enchanter began the quest for the Orb.
     0 | D:1      | Reached XP level 1. HP: 13/13 MP: 3/3
   206 | D:1      | Reached skill level 5 in Stealth
   337 | D:1      | Reached XP level 2. HP: 7/19 MP: 5/5
   341 | D:1      | Learned a level 2 spell: Ensorcelled Hibernation
   956 | D:2      | Reached XP level 3. HP: 24/24 MP: 6/6
   976 | D:2      | Learned a level 3 spell: Confuse
  1191 | D:2      | Reached skill level 6 in Stealth
  1902 | D:3      | Reached XP level 4. HP: 31/31 MP: 7/7
  1934 | D:3      | Noticed Sigmund
  1949 | D:3      | Killed Sigmund
  1949 | D:3      | Reached skill level 7 in Stealth
  1949 | D:3      | Reached skill level 5 in Hexes
  1949 | D:3      | Reached XP level 5. HP: 22/36 MP: 1/9
  2132 | D:3      | Reached skill level 1 in Ice Magic
  2337 | D:3      | Found a glowing silver altar of Zin.
  2434 | D:3      | Reached XP level 6. HP: 42/42 MP: 7/10
  2649 | D:4      | Reached skill level 8 in Stealth
  2736 | D:4      | Killed from afar by an orc priest

Skill      XL: |  1  2  3  4  5  6 |
---------------+-------------------+-----
Stealth        | 5 6 7 8 |  8.2
Short Blades   | 2 3 |  3.2
Hexes          | 5 |  5.5
Ice Magic      | 1 |  1.3
Fighting       | |  0.5
Dodging        | |  2.5
Spellcasting   | |  2.9

Action                   |  1- 3 |  4- 6 || total
-------------------------+-------+-------++-------
Melee: Dagger            |   124 |    41 ||   165
       Bite              |     9 |     2 ||    11
 Cast: Corona            |     7 |       ||     7
       Ensorcelled Hiber |    18 |    19 ||    37
       Confuse           |       |     3 ||     3
  Use: Potion            |     2 |       ||     2
 Stab: Sleeping          |    20 |    18 ||    38
       Confused          |       |     2 ||     2
  Eat: Corpse            |     7 |       ||     7
Armor: Robe              |    26 |     3 ||    29
Dodge: Dodged            |    99 |    20 ||   119
